Map: Prion Terraces

Players

TTS

  • Race: Protoss Protoss
  • League: Diamond

Bcfirst - Winner!

  • Race: Terran Terran

VOD

Have the link to the VOD?

Description

Time

  • Played on: Feb. 24, 2016, 2:02 a.m.
  • Length: 5:57
Show
View Real Time Build Order
Export as new Build Order

TTS Protoss 

Build Orders: Oracle Opening 

Get SALT Encoding   

  12  0:09  Pylon  
  12  0:14  Probe (Chrono Boost)  
  13  0:24  Probe (Chrono Boost)  
  14  0:35  Gateway, Probe (Chrono Boost)  
  15  0:45  Assimilator  
  15  0:50  Probe (Chrono Boost)  
  15  0:52  Assimilator  
  16  1:01  Probe (Chrono Boost)  
  17  1:11  Probe (Chrono Boost)  
  18  1:22  Probe (Chrono Boost)  
  18  1:23  Cybernetics Core  
  19  1:27  Pylon  
  19  1:37  Probe (Chrono Boost)  
  20  1:47  Probe (Chrono Boost)  
  21  1:58  Probe (Chrono Boost)  
  21  1:59  Stargate  
  22  2:04  Warp Gate  
  22  2:05  Adept  
  24  2:09  Probe (Chrono Boost)  
  24  2:25  Probe (Chrono Boost)  
  23  2:35  Probe (Chrono Boost)  
  23  2:43  Oracle (Chrono Boost)  
  26  2:46  Probe  
  26  2:50  Pylon  
  27  2:58  Probe  
  28  3:08  Gateway  
  29  3:12  Probe  
  33  3:29  Oracle (Chrono Boost)  
  30  3:42  Gateway  
  30  3:43  Gateway, Probe  
  30  3:45  Robotics Facility  
  23  3:58  Mothership Core (Chrono Boost)  
  11  4:19  Probe (Chrono Boost)  
  11  4:35  Observer (Chrono Boost)  
  7  5:43  Probe  
Show
View Real Time Build Order
Export as new Build Order

Bcfirst Terran - Winner!

Build Orders:  

Get SALT Encoding   

  12  0:01  SCV  
  13  0:14  SCV  
  13  0:18  Supply Depot  
  14  0:26  SCV  
  15  0:39  SCV  
  16  0:45  Barracks  
  16  0:46  Refinery  
  16  0:51  SCV  
  16  0:56  Refinery  
  17  1:03  SCV  
  18  1:15  SCV  
  19  1:28  SCV  
  21  1:32  Reaper  
  21  1:35  Ghost Academy  
  21  1:40  Orbital Command  
  21  1:47  Supply Depot  
  21  1:52  Supply Depot  
  21  2:05  Barracks Tech Lab  
  21  2:07  Personal Cloaking  
  21  2:25  Ghost  
  23  2:39  SCV  
  24  2:54  Ghost  
  26  3:05  SCV  
  27  3:09  Supply Depot  
  27  3:23  Ghost  
  24  3:27  Engineering Bay  
  15  3:55  Reaper  
  16  4:15  SCV  
  9  4:46  Ghost  
  9  5:36  SCV  
  10  5:51  Missile Turret  
Tags
 
Add a new tag
Caveats
  • Supply blocks, unpowered buildings, or Contaminate may cause inaccurate times.
  • Supply counts are checked every 10 seconds.